 Dungeon Crawl Stone Soup version 0.31.0-32-g396128a36d (webtiles) character file.

Game seed: 1011418504974303905

842 bearlyready the Cleaver (level 8, -4/64 HPs)
             Began as a Hill Orc Berserker on Mar 29, 2024.
             Was a Priest of Trog.
             Slain by an unseen horror (9 damage)
             ... on level 5 of the Dungeon.
             The game lasted 00:04:38 (4082 turns).

bearlyready the Cleaver (Hill Orc Berserker)        Turns: 4082, Time: 00:04:39

Health: -4/64      AC:  9    Str: 22    XL:     8   Next: 0%
Magic:  8/8        EV: 10    Int:  7    God:    Trog [***...]
Gold:   225        SH:  5    Dex: 10    Spells: 7/7 levels left

rFire   + . .        j - +2 hand axe (heavy)
rCold   . . .        (no shield)
rNeg    . . .        o - +0 scale mail
rPois   .            (no helmet)
rElec   .            (no cloak)
rCorr   .            y - +1 pair of gloves
SInv    .            t - +0 pair of boots
Will    .....        k - amulet of reflection Stlth
                     r - ring of protection from fire
HPRegen 0.30/turn    (no ring)
MPRegen 0.11/turn

%: reflection
@: on berserk cooldown, slowed, very slow
A: no striking features
a: Renounce Religion, Berserk, Trog's Hand


You were on level 5 of the Dungeon.
You worshipped Trog.
Trog was most pleased with you.
You visited 1 branch of the dungeon, and saw 6 of its levels.

You collected 225 gold pieces.

Inventory:

Hand Weapons
 a - a +0 hand axe
 j - a +2 heavy hand axe (weapon)
Missiles
 q - 6 curare-tipped darts (quivered)
 v - 6 datura-tipped darts
 x - 4 poisoned darts
Armour
 g - a +0 tower shield
 o - a +0 scale mail (worn)
 t - a +0 pair of boots (worn)
 y - a +1 pair of gloves (worn)
Jewellery
 k - an amulet of reflection (around neck)
 r - a ring of protection from fire (left hand)
Scrolls
 b - 3 scrolls of torment {unknown}
 c - a scroll of noise {unknown}
 d - 7 scrolls of identify {unknown}
 e - 2 scrolls of enchant armour {unknown}
 i - a scroll of fear {unknown}
 l - 2 scrolls of fog {unknown}
 p - a scroll of teleportation {unknown}
 s - a scroll of revelation {unknown}
 u - 2 scrolls of enchant weapon {unknown}
 w - a scroll of acquirement {unknown}
 B - a scroll of amnesia {unknown}
Potions
 f - a potion of resistance {unknown}
 h - 2 potions of curing
 m - 3 potions of might {unknown}
 n - a potion of attraction {unknown}
 z - a potion of heal wounds {unknown}
 A - a potion of cancellation {unknown}


   Skills:
 - Level 3.6 Fighting
 + Level 12.0 Axes
 - Level 2.1 Armour
 - Level 1.5 Dodging


You had 7 spell levels left.
You didn't know any spells.
Your spell library was empty.

Dungeon Overview and Level Annotations

Branches:
Dungeon (6/15)             Temple (0/1) D:4

Altars:
Cheibriados
Vehumet
Yredelemnul

Annotations:
D:3 3 runed translucent doors, Teroscates's ghost, amateur MfSh


Message History

You climb upwards.
Reactivating autopickup.
There is a stone staircase leading down here.
You start resting.
Something hits you.
Deactivating autopickup; reactivate with Ctrl-A.
Something hits you.
There is a stone staircase leading down here.
Something hits you.
Something hits you but does no damage. x2
Something hits you but does no damage. Something hits you.
You block something's attack.
There is a strange disturbance nearby!
You slash something! Something hits you. x2
You closely miss something. Something hits you!
Something hits you but does no damage.
You miss something. Something hits you.
* * * LOW HITPOINT WARNING * * *
Something hits you but does no damage.
You miss something. Something hits you but does no damage. Something hits you.
* * * LOW HITPOINT WARNING * * *
A red film seems to cover your vision as you go berserk!
You feel yourself moving faster!
You feel mighty! Something hits you but does no damage. Something hits you!
* * * LOW HITPOINT WARNING * * *
You barely miss something. Something hits you but does no damage.
You swing at nothing.
You swing at nothing.
You feel a strong urge to attack something.
You block something's attack.
You swing at nothing.
Something hits you.
* * * LOW HITPOINT WARNING * * *
You slash something! Something hits you.
* * * LOW HITPOINT WARNING * * *
You swing at nothing.
You are no longer berserk.
You are exhausted.
You feel yourself slow down. Something hits you but does no damage.
Something hits you!
You die...

#.....#_'..###...#.)...#
#.....###......#.#.....#
#............###.#.....#
#..)))....>....#.#......
#...[#.#.#...###.#[.....
#....#.#.......#.#.<....
###....#.###...#.#.#......
#......#.###...#.#.#......
#......#.@{......#.#......
#......###########.######.
#..................# #...
###'###################...
#......<................
#####################...
#... #... #...


There were no monsters in sight!

Vanquished Creatures
  Grinder (D:3)
  An ogre (D:5)
  A sky beast (D:4)
  A phantom (D:4)
  A scorpion (D:4)
  4 hounds
  3 orc wizards
  3 adders
  A white imp (D:3)
  3 ribbon worms
  The ghost of flammie80 the Trooper, a weakling FoMo (D:4)
  A dart slug (D:4)
  6 orcs
  9 ball pythons
  9 bats
  8 endoplasms
  7 giant cockroaches
  9 goblins
  6 hobgoblins
  9 jackals
  5 quokkas
  4 frilled lizards (D:1)
  11 kobolds
  6 rats
110 creatures vanquished.

Notes
Turn   | Place    | Note
-------+----------+-------------------------------------------
     0 | D:1      | bearlyready the Hill Orc Berserker began the quest for the
                  | Orb.
     0 | D:1      | Reached XP level 1. HP: 19/19 MP: 1/1
    47 | D:1      | Reached XP level 2. HP: 26/26 MP: 2/2
   147 | D:1      | You fall into a shaft and drop 1 floor!
   166 | D:2      | Reached skill level 5 in Axes
   262 | D:1      | Reached XP level 3. HP: 24/31 MP: 3/3
   610 | D:1      | Reached ** piety under Trog
   707 | D:1      | Reached skill level 6 in Axes
   979 | D:2      | Reached XP level 4. HP: 34/39 MP: 4/4
  1564 | D:3      | Found a faded altar of an unknown god.
  1588 | D:3      | Noticed Teroscates's ghost (amateur MfSh)
  1603 | D:3      | Found a runed translucent gate.
  1603 | D:3      | Found a runed translucent gate.
  1604 | D:3      | Found a runed translucent gate.
  1641 | D:3      | Noticed Grinder
  1649 | D:3      | HP: 1/58 [Grinder (6)]
  1651 | D:3      | Killed Grinder
  1652 | D:3      | Reached skill level 8 in Axes
  1652 | D:3      | Reached XP level 5. HP: 1/45 MP: 5/5
  1652 | D:3      | Reached XP level 6. HP: 2/51 MP: 6/6
  1655 | D:3      | HP: 2/76 [jackal (1)]
  1928 | D:3      | Reached skill level 9 in Axes
  2458 | D:4      | Reached *** piety under Trog
  2556 | D:4      | Found a basalt altar of Yredelemnul.
  2580 | D:4      | Found a large runed translucent door.
  2580 | D:4      | Found a large runed translucent door.
  2662 | D:4      | Noticed flammie80's ghost (weakling FoMo)
  2681 | D:4      | Noticed a sky beast
  2695 | D:4      | Killed a sky beast
  2696 | D:4      | Reached skill level 10 in Axes
  2696 | D:4      | Reached XP level 7. HP: 57/57 MP: 7/7
  2949 | D:4      | Found a staircase to the Ecumenical Temple.
  3377 | D:4      | Reached skill level 11 in Axes
  3451 | D:4      | Killed flammie80's ghost
  3473 | D:5      | Entered Level 5 of the Dungeon
  3565 | D:5      | Found a snail-covered altar of Cheibriados.
  3928 | D:5      | Found a radiant altar of Vehumet.
  3948 | D:6      | Reached skill level 12 in Axes
  3948 | D:6      | Reached XP level 8. HP: 43/64 MP: 8/8
  4082 | D:5      | Slain by an unseen horror

Illustrated notes

Levels and vault maps discovered:
D:1:      shiori_arrival_maze, layout_basic, hex_medium
D:2:      layout_rooms
D:3:      layout_basic, hellmonk_ecumenical_altar_leap_of_faith,
          gammafunk_ghost_split, uniq_grinder
D:4:      layout_loops_corners, yredelemnul_altar_generic,
          minmay_temple_entry_statues_pillars, ebering_ghost_disaster_area
D:5:      layout_basic, mainiacjoe_overflow_cross_hatched, kennysheep_mini_moat
D:6:      layout_rooms, mainiacjoe_overflow_brackets,
          nicolae_elyvilon_peaceful_grove, lemuel_tele_altar,
          hangedman_abyss_or_decor_stabs, st_stairs_12,
          kennysheep_big_empty_room, chequers_serial_rivers_small_a,
          chequers_serial_rivers_micro_d, minivault_1, serial_bayou_pond_c,
          minivault_24

Skill      XL: |  1  2  3  4  5  6  7 |
---------------+----------------------+-----
Axes           | 5 6 8 10 12 | 12.0
Fighting       | |  3.6
Armour         | |  2.1
Dodging        | |  1.5

Action                     |  1- 3 |  4- 6 |  7- 9 || total
---------------------------+-------+-------+-------++-------
  Melee: Hand axe          |   116 |   108 |    70 ||   294
         Punch             |       |     1 |       ||     1
 Invoke: Berserk           |     1 |     2 |     1 ||     4
    Use: Potion            |       |     1 |       ||     1
   Stab: Sleeping          |     1 |       |       ||     1
 Armour: Animal skin       |    68 |    27 |       ||    95
         Scale mail        |       |    32 |    75 ||   107
  Dodge: Dodged            |    73 |    59 |    24 ||   156
  Block: Other             |       |    12 |    17 ||    29
